 Dungeon Crawl Stone Soup version 0.30-a0-718-geaa24f58ff (webtiles) character file.

Game seed: 11703442864779148986

2727 Strat the Carver (level 9, -1/58 HPs)
             Began as a Tengu Reaver on Jan 26, 2023.
             Was an Initiate of Gozag.
             Succumbed to a killer bee's poison
             ... on level 7 of the Dungeon.
             The game lasted 00:13:31 (5862 turns).

Strat the Carver (Tengu Reaver)                     Turns: 5862, Time: 00:13:31

Health: -1/58      AC:  4    Str: 17    XL:     9   Next: 67%
Magic:  13/13      EV: 19    Int: 11    God:    Gozag
Gold:   890        SH:  0    Dex: 21    Spells: 6/12 levels left

rFire   . . .      SeeInvis .    a - +4 great sword (freeze)
rCold   . . .      Faith    .    (shield currently unavailable)
rNeg    . . .      Spirit   .    j - +0 troll leather armour
rPois   .          Reflect  .    (helmet restricted)
rElec   .          Harm     .    (no cloak)
rCorr   .          Rampage  .    (no gloves)
Will    .....                    (boots unavailable)
Stlth   ++                       (no amulet)
HPRegen 1.09/turn                d - ring of wizardry
MPRegen 0.13/turn                o - +6 ring of strength

@: mighty, lethally poisoned (-1 -> -4), flying quickly and evasively, quick
A: beak, talons 3, nimble flight, agile 1, dopey 1
a: Renounce Religion, Potion Petition, Call Merchant, Bribe Branch


You were on level 7 of the Dungeon.
You worshipped Gozag.
Gozag was pleased with you.
You visited 2 branches of the dungeon, and saw 8 of its levels.

You collected 963 gold pieces.
You paid 73 gold pieces to Gozag.

Inventory:

Hand Weapons
 a - a +4 great sword of freezing (weapon)
 w - a +0 falchion
Missiles
 x - a throwing net
Armour
 b - a +0 leather armour
 j - a +0 troll leather armour (worn)
Jewellery
 d - a ring of wizardry (left hand)
 o - a +6 ring of strength (right hand)
Wands
 q - a wand of mindburst (17)
 r - a wand of roots (10)
 s - a wand of light (11)
 B - a wand of paralysis (8)
Scrolls
 c - 3 scrolls of identify
 h - 2 scrolls of teleportation
 i - 2 scrolls of magic mapping
 t - a scroll of enchant armour {unknown}
 u - a scroll of blinking {unknown}
 v - a scroll of fear
 y - a scroll of torment {unknown}
Potions
 e - 4 potions of haste
 f - 5 potions of lignification
 g - a potion of ambrosia {unknown}
 k - a potion of mutation
 m - a potion of flight {unknown}
 n - a potion of magic {unknown}
 z - a potion of berserk rage {unknown}
 A - a potion of curing {unknown}


   Skills:
 + Level 7.7 Fighting
 * Level 9.5 Long Blades
 * Level 6.7 Dodging
 - Level 2.0 Spellcasting
 - Level 6.0 Conjurations


You had 6 spell levels left.
You knew the following spells:

 Your Spells              Type           Power      Damage    Failure   Level
a - Kiss of Death         Conj/Necr      28%        2d7       4%          1
b - Momentum Strike       Conj/Tloc      14%        3d8       6%          2
c - Hailstorm             Conj/Ice       7%         3d4       12%         3

Your spell library contained the following spells:

 Spells                   Type           Power      Damage    Failure   Level
 Apportation              Tloc           2%         N/A       14%         1
 Necrotise                Necr           4%         1d4       14%         1
 Sting                    Tmut/Pois      4%         1d3       14%         1
 Summon Small Mammal      Summ           4%         N/A       14%         1
 Summon Lightning Spire   Summ/Air       1%         N/A       77%         4
 Storm Form               Tmut/Air       0%         N/A       100%        7
 Maxwell's Capacitive Co  Air            0%         ∞         100%        8


Dungeon Overview and Level Annotations

Branches:
Dungeon (7/15)             Temple (1/1) D:4

Altars:
Cheibriados
Dithmenos
Elyvilon
Fedhas
Gozag
Hepliaklqana
Kikubaaqudgha
Nemelex Xobeh
Okawaru
Ru
Sif Muna
Uskayaw
Vehumet
Wu Jian
Xom
Yredelemnul
Zin
The Shining One

Shops:
D:2 !   D:5 :*

Annotations:
D:4 2 transporters, Iich's ghost, amateur MiFi
D:6 2 runed translucent doors, Iich's ghost, novice MiFi
D:7 1 transporter, Nabski's ghost, novice TeFE


Innate Abilities, Weirdness & Mutations

You have a beak for a mouth.
You have claws for feet.
Your magical nature lets you fly swiftly and evasively.
You are agile. (Dex +4, Str/Int -1)
You are dopey. (Int -2)


Message History

You barely miss the killer bee. You peck the killer bee.
The killer bee is almost dead.
You feel sick. The killer bee stings you.
You are more poisoned.
The killer bee poisons you! The killer bee stings you!
* * * LOW HITPOINT WARNING * * *
You are more poisoned.
The killer bee poisons you! The killer bee stings you!
* * * LOW HITPOINT WARNING * * *
You are more poisoned.
The killer bee poisons you!
You barely miss the killer bee. You claw the killer bee.
You kill the killer bee!
You feel extremely sick. The killer bee misses you.
You barely miss the killer bee. Your kick misses the killer bee.
You feel very sick. The killer bee barely misses you.
The killer bee stings you.
* * * LOW HITPOINT WARNING * * *
The killer bee stings you.
* * * LOW HITPOINT WARNING * * *
You are lethally poisoned!
The killer bee poisons you!
You feel very mighty all of a sudden.
* * * LOW HITPOINT WARNING * * *
You feel very sick. The killer bee misses you.
The killer bee barely misses you.
It was a potion of mutation.
You feel extremely strange.
You feel agile.
You feel stupid.
* * * LOW HITPOINT WARNING * * *
You feel very sick. The killer bee completely misses you.
The killer bee barely misses you.
You closely miss the killer bee.
* * * LOW HITPOINT WARNING * * *
You feel very sick. The killer bee completely misses you.
The killer bee stings you.
* * * LOW HITPOINT WARNING * * *
You miss the killer bee. Your peck misses the killer bee.
You die...
Your body crumbles into a pile of gold.

...##..# #.)[.......#
..####.####..........#
..# #.......####.....##
..###.####..####.##...#
..##.. ##..##..###..#
......# ##.....## ##.##
#..###.####.# #..#
#...## #.## ##.## ##..#
##@# #..# #.## #y##
#..# #.# ###5.####.##
##..####..<...#.##
.......y...#...##
#..###y.#####).## #..#
#.## ##...## #..###.#
#..##.## ...#..#
#..###.#


You could see a killer bee and a white imp.

Vanquished Creatures
  Joseph (D:7)
  Menkaure (D:5)
  2 water moccasins
  2 ice beasts
  3 black bears
  2 phantoms
  A bullfrog (D:7)
  3 necrophages (D:5)
  A scorpion (D:5)
  5 wights (D:6)
  4 killer bees (D:7)
  2 jellies
  3 hounds
  6 orc priests
  Terence (D:3)
  Ijyb (D:5)
  Natasha (thrice) (D:3)
  2 iguanas (D:5)
  An orc wizard (D:5)
  5 gnolls
  4 adders
  A white imp (D:3)
  An ufetubus (D:5)
  A worm (D:4)
  6 dart slugs
  13 orcs
  5 ball pythons
  6 endoplasms
  6 goblins
  4 hobgoblins
  6 jackals
  9 kobolds
  7 quokkas
  4 bats
  4 frilled lizards
  5 rats
131 creatures vanquished.

Vanquished Creatures (others)
  2 fungi (D:1)
2 creatures vanquished.

Grand Total: 133 creatures vanquished

Notes
Turn   | Place    | Note
-------+----------+-------------------------------------------
     0 | D:1      | Strat the Tengu Reaver began the quest for the Orb.
     0 | D:1      | Reached XP level 1. HP: 12/12 MP: 4/4
   289 | D:1      | Reached XP level 2. HP: 17/17 MP: 6/6
   299 | D:1      | Learned a level 2 spell: Momentum Strike
   397 | D:1      | Found a faded altar of an unknown god.
   401 | D:1      | Got Plato's Almanac of Nausea
   800 | D:2      | Reached XP level 3. HP: 22/22 MP: 4/7
   947 | D:2      | Reached skill level 4 in Long Blades
  1123 | D:2      | Reached skill level 5 in Conjurations
  1223 | D:2      | Found Ahiv's Distillery.
  1244 | D:2      | Reached XP level 4. HP: 25/27 MP: 8/8
  1612 | D:3      | Noticed Natasha
  1852 | D:3      | Learned a level 3 spell: Hailstorm
  1944 | D:3      | Gained mutation: Your magical nature lets you fly swiftly
                  | and evasively. [Tengu growth]
  1944 | D:3      | Reached XP level 5. HP: 32/32 MP: 6/9
  2052 | D:3      | Killed Natasha
  2058 | D:3      | Noticed Natasha
  2068 | D:3      | Killed Natasha
  2097 | D:3      | Noticed Natasha
  2108 | D:3      | Killed Natasha
  2109 | D:3      | Reached skill level 5 in Long Blades
  2282 | D:3      | Noticed Terence
  2288 | D:3      | Killed Terence
  2289 | D:3      | Reached XP level 6. HP: 35/37 MP: 7/10
  2386 | D:4      | Noticed Iich's ghost (amateur MiFi)
  2386 | D:4      | Found a transporter.
  2390 | D:4      | Identified the +8 great mace of Uncertain Death {speed,
                  | rElec}
  2402 | D:4      | Found a hazy altar of Hepliaklqana.
  2442 | D:4      | Found a staircase to the Ecumenical Temple.
  2461 | Temple   | Entered the Ecumenical Temple
  2461 | Temple   | Found a transporter.
  2461 | Temple   | Found a transporter.
  2467 | Temple   | Found a transporter.
  2467 | Temple   | Found a transporter.
  2575 | Temple   | Became a worshipper of Gozag Ym Sagoz the Greedy
  2898 | D:4      | Reached skill level 6 in Long Blades
  2955 | D:4      | Found a transporter.
  3003 | D:5      | Entered Level 5 of the Dungeon
  3003 | D:5      | Noticed a black bear
  3016 | D:5      | Killed a black bear
  3017 | D:5      | Reached XP level 7. HP: 10/42 MP: 8/11
  3079 | D:5      | Found Cuakh's Assorted Antiques.
  3194 | D:5      | Reached skill level 7 in Long Blades
  3295 | D:5      | Reached skill level 5 in Fighting
  3331 | D:5      | Noticed Ijyb
  3360 | D:5      | Killed Ijyb
  3608 | D:5      | Reached XP level 8. HP: 46/51 MP: 7/12
  3711 | D:5      | Found Xupoep's Book Shop.
  3773 | D:5      | Noticed Menkaure
  3782 | D:5      | Killed Menkaure
  4339 | D:6      | Found a runed translucent door.
  4345 | D:6      | Noticed Iich's ghost (novice MiFi)
  4542 | D:6      | Reached skill level 8 in Long Blades
  4641 | D:6      | Reached XP level 9. HP: 49/57 MP: 10/13
  4676 | D:6      | Reached skill level 5 in Dodging
  4850 | D:6      | Found a runed translucent door.
  5214 | D:7      | Found a transporter.
  5398 | D:7      | Noticed Nabski's ghost (novice TeFE)
  5455 | D:7      | Reached skill level 9 in Long Blades
  5542 | D:7      | Noticed Joseph
  5580 | D:7      | Killed Joseph
  5860 | D:7      | Gained mutation: You are agile. (Dex +4, Str/Int -1)
                  | [potion of mutation]
  5860 | D:7      | Gained mutation: You are dopey. (Int -2) [potion of
                  | mutation]
  5861 | D:7      | HP: 2/58 [poisoned by a killer bee]
  5862 | D:7      | Succumbed to a killer bee's poison

Illustrated notes

Levels and vault maps discovered:
D:1:      nzn_arrival_depleted_hourglass, layout_loops_ring,
          shapermc_ecumenical_altar_rom_forum
D:2:      layout_loops_cross, serial_shops, nicolae_shop_crystal,
          minmay_quadrilaterals
D:3:      layout_rooms, uniq_natasha, uniq_terence
D:4:      layout_basic, general_overflow_altar, minmay_temple_entry_slanted,
          gammafunk_ghost_smash
D:5:      layout_basic, serial_shops, shop, nicolae_diamond_shop, uniq_menkaure,
          uniq_ijyb
D:6:      layout_cave_pods, ebering_ghost_sewer_f
D:7:      layout_layer_cave, gammafunk_ghost_stat_death, uniq_joseph
Temple:   hellmonk_temple_divided_pantheon

Skill      XL: |  1  2  3  4  5  6  7  8  9 |
---------------+----------------------------+-----
Long Blades    | 4 5 6 7 8 9 |  9.5
Conjurations   | 5 6 |  6.0
Fighting       | 3 4 6 7 |  7.7
Dodging        | 4 6 |  6.7
Spellcasting   | |  2.0

Action                     |  1- 3 |  4- 6 |  7- 9 || total
---------------------------+-------+-------+-------++-------
  Melee: Falchion          |    76 |   139 |   145 ||   360
         Kick              |    14 |    26 |    44 ||    84
         Peck              |     6 |    17 |    31 ||    54
         Punch             |     1 |     2 |     1 ||     4
         Great sword       |       |       |    41 ||    41
   Cast: Momentum Strike   |     2 |     8 |    18 ||    28
         Kiss of Death     |       |     1 |     2 ||     3
         Hailstorm         |       |       |     9 ||     9
  Evoke: Wand              |       |       |     2 ||     2
    Use: Scroll            |       |    10 |     1 ||    11
         Potion            |       |       |     4 ||     4
   Stab: Sleeping          |       |     1 |       ||     1
 Armour: Leather armour    |    15 |       |       ||    15
         Troll leather arm |       |    26 |    17 ||    43
  Dodge: Dodged            |    61 |   100 |   153 ||   314

Table legend: (Time is in decaauts)
 A = Elapsed time spent in this place.
 B = Non-inter-level travel time spent in this place.
 C = Inter-level travel time spent in this place.
 D = Time resting spent in this place.
 E = Time spent auto-exploring this place.
 F = Levels seen in this place.
 G = Mean time per level.
                   A        B        C        D        E       F      G
               +--------+--------+--------+--------+--------+-----+--------+
         Total |   5610 |   5405 |    205 |    645 |   3338 |   8 |  701.2 |
       Dungeon |   5489 |   5284 |    205 |    645 |   3332 |   7 |  784.1 |
        Temple |    120 |    120 |      0 |      0 |      6 |   1 |  120.0 |
               +--------+--------+--------+--------+--------+-----+--------+

Top non-repeatable levels by time:
     D:5: 1098 daAuts
     D:2: 889 daAuts
     D:6: 874 daAuts
     D:3: 775 daAuts
     D:1: 707 daAuts
     D:7: 649 daAuts
     D:4: 494 daAuts
  Temple: 120 daAuts
